 Dungeon Crawl Stone Soup version 0.22.0-27-ga576289 (webtiles) character file.

102 shmeve the Skirmisher (level 4, 0/41 HPs)
             Began as a Minotaur Berserker on Aug 22, 2018.
             Was a Believer of Trog.
             Slain by Grinder (1 damage)
             ... while paralysed by Grinder
             ... on level 3 of the Dungeon.
             The game lasted 00:03:33 (1757 turns).

shmeve the Skirmisher (Minotaur Berserker)          Turns: 1757, Time: 00:03:34

Health: 0/41       AC:  3    Str: 23    XL:     4   Next: 50%
Magic:  3/3        EV:  2    Int:  4    God:    Trog [**....]
Gold:   113        SH:  0    Dex:  9    Spells: 3/3 levels left

rFire    . . .     SeeInvis .   a - +0 hand axe
rCold    . . .     Gourm    .   (no shield)
rNeg     . . .     Faith    .   b - +0 animal skin
rPois    .         Spirit   .   (helmet restricted)
rElec    .         Reflect  .   k - +0 cloak
rCorr    .         Harm     .   (no gloves)
MR       .....                  (no boots)
Stlth    +.........             (no amulet)
HPRegen  0.13/turn              (no ring)
MPRegen  0.08/turn              (no ring)

@: paralysed
A: retaliatory headbutt, horns 2
a: Berserk, Trog's Hand, Renounce Religion


You were on level 3 of the Dungeon.
You worshipped Trog.
Trog was pleased with you.
You were not hungry.

You visited 1 branch of the dungeon, and saw 3 of its levels.

You collected 113 gold pieces.

Inventory:

Hand Weapons
 a - a +0 hand axe (weapon)
Armour
 b - a +0 animal skin (worn)
 k - a +0 cloak (worn)
Jewellery
 s - an uncursed amulet of magic regeneration {unknown}
Scrolls
 g - a scroll of random uselessness {unknown}
 h - 3 scrolls of identify {unknown}
 i - a scroll of teleportation {unknown}
 j - a scroll of amnesia {unknown}
 l - a scroll of remove curse {unknown}
 m - 3 scrolls of immolation {unknown}
 o - a scroll of enchant weapon {unknown}
 p - a scroll of fog {unknown}
Potions
 e - a potion of agility {unknown}
 f - 2 potions of curing {unknown}
 n - a potion of resistance {unknown}
 q - a potion of might {unknown}
 r - a potion of haste {unknown}
Comestibles
 c - 2 rations


   Skills:
 * Level 4.5 Fighting
 * Level 4.4 Axes
 * Level 1.7 Throwing
 + Level 3.1 Armour
 + Level 2.7 Dodging


You had 3 spell levels left.
You didn't know any spells.
Your spell library was empty.

Dungeon Overview and Level Annotations

Branches:
Dungeon (3/15)

Altars:
Kikubaaqudgha

Annotations:
D:3 Grinder


Innate Abilities, Weirdness & Mutations

You reflexively headbutt those who attack you in melee.
You have a pair of horns on your head.


Message History

Grinder barely misses you.
You closely miss Grinder.
Grinder is heavily wounded.
Your skin stops crawling.
You feel less resistant to hostile enchantments.
Grinder gestures at you.
You suddenly lose the ability to move!
Grinder hits you! Grinder gestures at you. You resist with significant effort.
Grinder hits you but does no damage. Grinder gestures at you.
Pain shoots through your body! Grinder hits you.
You writhe in agony.
* * * LOW HITPOINT WARNING * * *
Grinder says, "Wait up."
Grinder hits you!
* * * LOW HITPOINT WARNING * * *
You writhe in agony.
You die...

### ##...
## ....
... #..#
..
#..#.#..#
#5..>...#
#@#
#.#####.#
#.......#
#.#######
###.###
#..[..#
#.....#
#.....#
#.....#


You could see Grinder.

Vanquished Creatures
  A gnoll (D:2)
  4 adders (D:2)
  2 dart slugs
  A leopard gecko (D:2)
  2 giant cockroaches (D:1)
  8 goblins
  6 hobgoblins
  4 jackals (D:2)
  6 kobolds
  A ball python (D:2)
  6 bats
  2 frilled lizards (D:2)
  12 rats
55 creatures vanquished.

Notes
Turn   | Place    | Note
-------+----------+-------------------------------------------
     0 | D:1      | shmeve the Minotaur Berserker began the quest for the Orb.
     0 | D:1      | Reached XP level 1. HP: 19/19 MP: 0/0
   288 | D:1      | Reached XP level 2. HP: 18/27 MP: 1/1
   487 | D:2      | Reached skill level 1 in Throwing
   570 | D:2      | Reached XP level 3. HP: 33/33 MP: 2/2
  1109 | D:2      | Reached XP level 4. HP: 39/41 MP: 3/3
  1179 | D:2      | Reached ** piety under Trog
  1636 | D:2      | Found an ancient bone altar of Kikubaaqudgha.
  1743 | D:3      | Noticed Grinder
  1751 | D:3      | Paralysed by Grinder for 7 turns
  1757 | D:3      | HP: 1/41 [Grinder (7)]
  1757 | D:3      | Slain by Grinder

Skill      XL: |  1  2  3 |
---------------+----------+-----
Throwing       | 1 |  1.7
Fighting       | 4 |  4.5
Axes           | 4 |  4.4
Armour         | 3 |  3.1
Dodging        | |  2.7

Action                   |  1- 3 |  4- 6 || total
-------------------------+-------+-------++-------
Melee: Hand axe          |    74 |    36 ||   110
       Headbutt          |    11 |     5 ||    16
Invok: Berserk           |     1 |       ||     1
       Trog's Hand       |       |     1 ||     1
 Stab: Sleeping          |       |     1 ||     1
  Eat: Chunk             |     2 |     2 ||     4
Armor: Animal skin       |    26 |    19 ||    45
Dodge: Dodged            |    47 |    35 ||    82
